Map: Pillars of Gold LE

Players

Nice

  • Race: Protoss Protoss
  • Spawn Location: 7:00

TYTY (TY) - Winner!

  • Race: Terran Terran
  • League: Grandmaster
  • Spawn Location: 1:00

Event: DreamHack SC2 Masters 2020 Winter

VOD

Have the link to the VOD?

Description

Time

  • Played on: Nov. 13, 2020, 11:50 a.m.
  • Length: 11:54

All games in this series

Show
View Real Time Build Order
Export as new Build Order

Nice Protoss 

Build Orders: 1 Gate Expand, Blink Stalkers 

Get SALT Encoding   

  12  0:00  Probe  
  13  0:12  Probe  
  14  0:20  Pylon  
  14  0:24  Probe (Chrono Boost)  
  15  0:39  Probe (Chrono Boost)  
  15  0:40  Gateway  
  16  0:46  Probe (Chrono Boost)  
  17  0:53  Probe  
  17  0:55  Assimilator  
  18  1:05  Probe  
  19  1:17  Probe  
  20  1:27  Cybernetics Core  
  20  1:40  Nexus  
  20  1:45  Pylon  
  20  1:52  Assimilator, Probe  
  21  2:00  Adept (Chrono Boost)  
  21  2:05  Shield Battery  
  23  2:09  Warp Gate  
  23  2:13  Probe  
  24  2:20  Stalker (Chrono Boost)  
  24  2:25  Probe  
  27  2:37  Twilight Council  
  27  2:39  Probe  
  29  2:52  Probe (Chrono Boost)  
  29  2:56  Probe (Chrono Boost)  
  30  3:02  Probe (Chrono Boost)  
  30  3:03  Robotics Facility  
  30  3:05  Probe (Chrono Boost)  
  32  3:07  Probe (Chrono Boost)  
  33  3:14  Blink (Chrono Boost)  
  33  3:15  Probe  
  33  3:19  Probe  
  35  3:27  Probe  
  35  3:31  Probe  
  37  3:36  Gateway  
  37  3:39  Probe  
  38  3:46  Gateway, Probe  
  38  3:50  Observer  
  38  3:51  Probe  
  40  3:56  Pylon  
  40  4:02  Gateway  
  41  4:04  Stalker  
  41  4:06  Probe  
  41  4:07  Probe  
  44  4:17  Warp Prism  
  44  4:23  Pylon  
  46  4:24  Probe  
  46  4:25  Probe  
  46  4:30  Stalker  
  50  4:35  Stalker, Observer  
  52  4:42  Pylon, Probe  
  52  4:44  Probe  
  54  4:59  Stalker  
  58  5:00  Stalker x2  
  58  5:01  Stalker  
  64  5:10  Assimilator  
  64  5:11  Pylon  
  64  5:12  Assimilator  
  64  5:20  Pylon  
  62  5:23  Stalker x2  
  62  5:24  Stalker  
  62  5:26  Stalker  
  70  5:36  Probe x2  
  70  5:55  Stalker x4  
  78  5:58  Probe x2  
  80  6:07  Pylon  
  80  6:17  Immortal (Chrono Boost)  
  79  6:21  Observer  
  79  6:25  Probe x2  
  81  6:30  Robotics Bay  
  81  6:31  Pylon  
  81  6:37  Probe x2  
  83  6:48  Nexus  
  83  6:49  Probe  
  83  6:53  Shield Battery  
  85  6:54  Observer (Chrono Boost)  
  85  6:55  Charge  
  85  6:58  Probe  
  85  7:00  Forge  
  85  7:02  Probe  
  85  7:06  Sentry x3  
  92  7:10  Probe  
  93  7:18  Shield Battery  
  93  7:20  Probe  
  92  7:26  Zealot  
  92  7:27  Probe  
  90  7:32  Probe  
  91  7:39  Probe  
  92  7:44  Probe  
  92  7:45  Colossus (Chrono Boost)  
  101  8:03  Stalker x3, Sentry  
  101  8:05  Probe x2  
  109  8:07  Extended Thermal Lance (Chrono Boost)  
  109  8:12  Probe  
  110  8:17  Forge  
  110  8:21  Probe x2  
  113  8:32  Assimilator  
  113  8:33  Probe  
  114  8:34  Assimilator  
  113  8:42  Observer  
  113  8:43  Shield Battery  
  113  8:45  Pylon  
  113  8:50  Colossus (Chrono Boost)  
  114  8:57  Probe x2  
  114  8:58  Probe  
  117  9:04  Stalker x3  
  117  9:06  Stalker  
  124  9:10  Probe  
  124  9:14  Protoss Ground Weapons Level 1 (Chrono Boost)  
  125  9:21  Protoss Ground Armor Level 1 (Chrono Boost)  
  125  9:23  Pylon  
  125  9:29  Gateway  
  125  9:30  Templar Archives  
  125  9:37  Gateway  
  125  9:41  Probe x2  
  125  9:42  Gateway, Disruptor (Chrono Boost), Probe  
  131  9:52  Zealot  
  131  9:58  Probe x2  
  133  10:02  Pylon  
  133  10:07  Gateway, Dark Shrine  
  133  10:09  Pylon  
  133  10:20  Disruptor (Chrono Boost), Probe  
  137  10:22  Zealot  
  139  10:35  Nexus  
  137  10:40  Disruptor (Chrono Boost), Zealot  
  137  10:42  Probe x3  
  142  10:45  Shield Battery  
  145  10:54  Probe x3  
  145  10:55  Pylon  
  146  11:06  Probe  
  146  11:09  Zealot  
  146  11:10  Disruptor  
  152  11:20  Zealot x2  
  156  11:30  Pylon  
  130  11:40  Zealot x6  
  130  11:41  Zealot x2  
Show
View Real Time Build Order
Export as new Build Order

TYTY Terran - Winner!

Build Orders: Reaper Expand 

Get SALT Encoding   

  12  0:00  SCV  
  13  0:12  SCV  
  14  0:17  Supply Depot  
  14  0:24  SCV  
  15  0:39  SCV  
  15  0:41  Barracks  
  16  0:45  Refinery  
  16  0:51  SCV  
  17  1:03  SCV  
  18  1:15  SCV  
  19  1:29  Orbital Command  
  19  1:30  Reaper  
  20  1:47  Command Center  
  20  1:55  SCV  
  21  2:01  Supply Depot  
  21  2:02  Barracks Reactor  
  21  2:07  SCV  
  22  2:14  Barracks  
  22  2:19  SCV  
  23  2:24  Bunker  
  23  2:31  SCV  
  24  2:38  Marine x2  
  24  2:43  SCV  
  27  2:53  Factory  
  27  2:56  Marine x2  
  27  2:57  SCV  
  29  3:01  Orbital Command  
  29  3:05  Barracks Tech Lab  
  29  3:09  SCV  
  30  3:14  Marine x2  
  32  3:22  SCV  
  32  3:24  Stimpack  
  33  3:27  SCV  
  33  3:29  Refinery  
  33  3:32  Marine  
  33  3:34  SCV, Marine  
  36  3:37  Marine  
  36  3:40  SCV  
  39  3:46  SCV  
  40  3:48  Starport  
  40  3:52  SCV  
  40  3:54  Supply Depot  
  40  3:55  Marine  
  42  3:58  SCV  
  42  3:59  Marine  
  42  4:00  Factory Reactor  
  44  4:04  SCV  
  44  4:05  Marine  
  46  4:15  Marine  
  46  4:16  SCV x2, Refinery  
  49  4:17  Marine  
  51  4:25  Supply Depot  
  51  4:28  SCV x2  
  51  4:29  Marauder  
  54  4:34  Supply Depot  
  54  4:47  Widow Mine x2, Marine x2, Medivac  
  54  4:48  Bunker  
  54  4:50  SCV  
  62  4:56  SCV, Marauder  
  62  4:57  Supply Depot  
  62  4:58  Supply Depot  
  65  5:02  SCV  
  65  5:05  Marine  
  65  5:06  Supply Depot  
  65  5:07  Combat Shield  
  67  5:08  SCV  
  67  5:12  Widow Mine  
  70  5:18  SCV  
  70  5:19  Widow Mine  
  70  5:20  SCV, Medivac  
  76  5:24  Marauder  
  76  5:25  Marine  
  76  5:26  Marine  
  80  5:31  SCV  
  80  5:32  SCV  
  80  5:35  Widow Mine  
  84  5:40  Widow Mine  
  85  5:45  SCV x2  
  87  5:52  Medivac  
  87  5:55  Marine x2  
  89  6:03  Bunker  
  89  6:04  Widow Mine  
  89  6:10  SCV  
  94  6:15  Marine x2  
  94  6:25  SCV  
  94  6:27  Supply Depot  
  94  6:28  Supply Depot  
  94  6:31  Command Center  
  94  6:32  Concussive Shells  
  91  6:35  Factory Tech Lab  
  91  6:38  Marauder  
  93  6:40  Marine  
  93  6:43  Engineering Bay  
  93  6:44  Medivac x2  
  98  6:50  SCV x2  
  98  6:54  Marine  
  101  6:55  Siege Tank  
  101  6:57  Marine  
  104  7:06  SCV x2  
  106  7:10  Marauder  
  107  7:18  SCV x2  
  107  7:21  Barracks  
  107  7:22  Barracks  
  109  7:23  Barracks  
  109  7:29  Marine x2  
  107  7:30  SCV x2  
  107  7:32  Marauder  
  107  7:33  Siege Tank  
  114  7:39  Viking  
  114  7:42  SCV x2  
  118  7:47  Orbital Command  
  114  7:53  Marauder  
  114  7:57  Viking  
  118  7:59  Marine x2  
  122  8:06  Missile Turret  
  122  8:07  Terran Infantry Weapons Level 1  
  122  8:08  Engineering Bay  
  122  8:11  Barracks Tech Lab, Barracks Reactor, Orbital Command  
  122  8:12  Barracks Tech Lab  
  122  8:13  Refinery  
  122  8:14  Marauder  
  122  8:17  Marine x2  
  124  8:21  Missile Turret  
  126  8:28  SCV x2  
  126  8:31  Siege Tank  
  131  8:35  Marine x2, Terran Infantry Armor Level 1  
  131  8:36  Supply Depot  
  131  8:37  Supply Depot, SCV  
  131  8:40  SCV  
  133  8:51  SCV  
  133  8:53  SCV x2  
  133  8:54  Marauder  
  133  8:55  Marine x2  
  131  8:57  Marine  
  131  8:58  Marauder x2  
  131  9:00  Supply Depot x3  
  131  9:01  Marine  
  139  9:05  Viking x2  
  139  9:06  Refinery  
  139  9:07  SCV  
  139  9:09  SCV  
  146  9:10  SCV  
  146  9:13  Marine  
  146  9:14  Armory  
  146  9:15  Marine x2  
  148  9:23  Supply Depot, Marine  
  148  9:24  Siege Tank, Marine x2, Supply Depot  
  150  9:25  Supply Depot  
  150  9:29  Refinery  
  150  9:30  Marine  
  155  9:32  Supply Depot, Bunker  
  155  9:37  Viking x2  
  159  9:39  SCV x3  
  159  9:40  Marine x2  
  159  9:41  Marine  
  165  9:47  Marine x2  
  167  9:57  Marauder x2  
  167  9:58  Marine  
  167  9:59  Siege Tank  
  175  10:05  Supply Depot x2  
  175  10:17  Marine x4, Marauder  
  175  10:19  Marauder  
  182  10:21  Viking x2  
  182  10:22  Command Center  
  182  10:26  SCV  
  189  10:33  Sensor Tower  
  186  10:36  SCV x2  
  186  10:38  SCV  
  186  10:41  Marine x3  
  186  10:42  Marine  
  193  10:43  Missile Turret  
  195  10:56  Command Center  
  192  10:59  Siege Tank  
  192  11:05  Marauder  
  192  11:06  Marauder  
  192  11:07  Marine x2  
  192  11:09  Marine  
  192  11:10  Marine  
  195  11:25  Marine x2, Marauder  
  195  11:27  Marauder  
Tags
 
Add a new tag
Caveats
  • Supply blocks, unpowered buildings, or Contaminate may cause inaccurate times.
  • Supply counts are checked every 10 seconds.